Map: King's Cove LE

Players

Elazer

  • Race: Zerg Zerg
  • League: Grandmaster
  • Spawn Location: 5:00

TYTY (TY)

  • Race: Terran Terran
  • League: Diamond
  • Spawn Location: 11:00

Event: HomeStory Cup XIX

VOD

Have the link to the VOD?

Description

Time

  • Played on: June 28, 2019, 8:16 a.m.
  • Length: 5:24

All games in this series

Show
View Real Time Build Order
Export as new Build Order

Elazer Zerg 

Build Orders: Hatch First 

Get SALT Encoding   

  12  0:00  Drone  
  13  0:12  Overlord  
  13  0:17  Drone  
  14  0:31  Drone x2  
  16  0:49  Hatchery  
  15  0:52  Drone  
  15  0:55  Drone  
  17  0:59  Drone  
  18  1:09  Extractor  
  17  1:14  Spawning Pool  
  17  1:18  Drone  
  17  1:21  Drone  
  18  1:29  Drone  
  19  1:39  Drone  
  20  1:49  Drone  
  21  2:01  Queen x2  
  21  2:02  Zergling x4  
  27  2:16  Hatchery  
  27  2:21  Overlord  
  26  2:24  Drone  
  26  2:27  Drone  
  28  2:38  Metabolic Boost  
  28  2:40  Drone x2  
  28  2:42  Drone  
  31  2:48  Queen  
  33  2:53  Overlord  
  33  2:58  Drone  
  34  2:59  Drone  
  34  3:01  Drone  
  36  3:12  Drone x4  
  40  3:13  Drone  
  40  3:19  Drone  
  42  3:23  Overlord  
  42  3:24  Queen  
  44  3:30  Queen  
  44  3:34  Drone x2  
  47  3:36  Drone  
  47  3:39  Drone  
  50  3:44  Zergling x6  
  50  3:45  Zergling x2  
  54  3:51  Zergling x4  
  54  3:55  Overlord  
  56  3:56  Drone x2  
  58  4:09  Baneling Nest  
  56  4:12  Queen  
  56  4:15  Drone x4  
  56  4:16  Drone x2  
  64  4:18  Drone  
  64  4:23  Overlord  
  65  4:28  Spore Crawler  
  65  4:30  Spore Crawler  
  63  4:31  Drone x2  
  63  4:32  Overlord  
  63  4:36  Spore Crawler  
  64  4:39  Drone  
  64  4:41  Drone  
  65  4:46  Drone  
  65  4:47  Drone x2  
  65  4:48  Drone  
  65  4:49  Drone x2  
  73  4:55  Zergling x6  
  78  5:01  Spore Crawler  
  78  5:02  Overlord  
  78  5:03  Drone x3  
  80  5:08  Drone x3, Extractor x2  
  80  5:10  Drone  
Show
View Real Time Build Order
Export as new Build Order

TYTY Terran 

Build Orders: Gas First Reaper Expand, Hellion Opening 

Get SALT Encoding   

  12  0:00  SCV  
  13  0:12  SCV  
  14  0:18  Supply Depot  
  14  0:25  SCV  
  14  0:28  Refinery  
  15  0:39  SCV  
  16  0:45  Barracks  
  16  0:51  SCV  
  17  1:03  SCV  
  18  1:15  SCV  
  19  1:32  Reaper  
  21  1:33  Orbital Command  
  20  1:44  Command Center  
  20  1:55  Factory  
  20  1:58  SCV  
  21  2:06  Supply Depot  
  21  2:08  Barracks Reactor  
  21  2:13  SCV  
  22  2:17  Refinery  
  22  2:25  SCV  
  24  2:37  SCV  
  24  2:42  Starport  
  24  2:47  Hellion x2  
  24  2:49  Marine  
  24  2:50  SCV  
  30  2:57  Orbital Command  
  30  3:02  SCV  
  31  3:14  SCV  
  31  3:15  Hellion x2  
  36  3:25  SCV, Fusion Core  
  37  3:28  SCV  
  37  3:32  Supply Depot  
  38  3:34  Starport Tech Lab  
  38  3:38  SCV  
  38  3:40  SCV  
  40  3:49  Hellion x2  
  40  3:50  SCV  
  40  3:52  SCV  
  46  3:59  Supply Depot  
  46  4:03  SCV  
  46  4:05  SCV  
  48  4:14  Battlecruiser  
  54  4:17  Supply Depot  
  54  4:20  SCV  
  54  4:21  SCV  
  56  4:31  Armory  
  56  4:34  Hellion x2  
  56  4:36  SCV x2  
  62  4:44  Supply Depot  
  62  4:48  SCV, Supply Depot  
  62  4:51  SCV  
  64  4:55  Hellion  
  64  4:56  Hellion  
  68  5:00  SCV  
  68  5:06  SCV  
Tags
 
Add a new tag
Caveats
  • Supply blocks, unpowered buildings, or Contaminate may cause inaccurate times.
  • Supply counts are checked every 10 seconds.